Map: King Sejong Station LE

Players

Biomech - Winner!

  • Race: Zerg Zerg
  • League: Silver

Fernando

  • Race: Protoss Protoss
  • League: Silver

VOD

Have the link to the VOD?

Description

Time

  • Played on: June 27, 2016, 10:33 p.m.
  • Length: 17:28
Show
View Real Time Build Order
Export as new Build Order

Biomech Zerg - Winner!

Build Orders: Hatch First 

Get SALT Encoding   

  12  0:11  Drone  
  12  0:12  Overlord  
  13  0:17  Drone  
  14  0:21  Extractor  
  14  0:24  Drone  
  15  0:33  Drone  
  16  0:52  Hatchery  
  16  0:56  Drone  
  16  1:09  Spawning Pool  
  15  1:15  Drone, Extractor  
  16  1:18  Drone  
  16  1:25  Overlord  
  16  1:29  Drone  
  17  1:40  Drone  
  18  1:55  Zergling x2  
  18  1:58  Queen  
  18  2:00  Zergling x2  
  22  2:05  Queen  
  24  2:09  Zergling x2  
  25  2:26  Drone x3  
  28  2:45  Queen  
  28  2:48  Lair  
  31  3:12  Zergling x2  
  31  3:13  Zergling x10  
  33  3:37  Roach Warren  
  33  3:39  Extractor, Drone x3  
  34  3:50  Overlord x2  
  34  4:11  Hatchery  
  29  4:57  Roach  
  29  4:58  Roach x7  
  43  5:08  Glial Reconstitution  
  43  5:10  Drone  
  43  5:12  Overlord x4  
  43  5:13  Overlord x2  
  44  5:48  Drone x2  
  44  5:49  Drone x4  
  50  5:50  Drone x5  
  55  6:07  Evolution Chamber  
  55  6:09  Evolution Chamber  
  55  6:40  Roach x11  
  75  6:59  Zerg Ground Armor Level 1, Zerg Missile Weapons Level 1  
  67  7:09  Ravager x4  
  67  7:13  Ravager x2  
  73  7:16  Zergling x2  
  73  7:17  Zergling x10  
  79  7:51  Zergling x2  
  79  7:52  Zergling x8  
  79  7:55  Overlord  
  79  7:56  Overlord x5  
  83  8:27  Metabolic Boost  
  83  8:48  Hatchery  
  82  8:51  Overlord  
  82  9:10  Infestation Pit, Zerg Ground Armor Level 2, Zerg Melee Weapons Level 1  
  81  9:21  Extractor, Drone x3  
  81  9:22  Extractor  
  81  9:23  Drone x3  
  85  9:25  Drone x4  
  85  9:26  Drone x2  
  85  9:28  Overlord x4  
  91  10:06  Zergling x20  
  91  10:07  Zergling x8  
  105  10:25  Drone x2  
  105  10:26  Drone x2  
  109  10:32  Queen  
  111  10:36  Hive  
  111  10:54  Extractor  
  111  10:55  Spore Crawler  
  109  10:57  Spore Crawler  
  109  10:58  Extractor  
  109  10:59  Spore Crawler  
  109  11:03  Zergling x2  
  109  11:04  Zergling x24  
  109  11:05  Zergling x4  
  109  11:09  Zerg Melee Weapons Level 2  
  121  11:18  Drone x3  
  124  11:46  Infestor x7  
  138  11:51  Pathogen Glands  
  126  12:10  Drone x6  
  126  12:11  Drone x3  
  135  12:27  Zerg Ground Armor Level 3  
  135  12:36  Hydralisk Den  
  134  13:10  Hydralisk x3  
  134  13:11  Hydralisk x6  
  152  13:24  Hatchery  
  151  13:36  Hydralisk x5  
  151  13:39  Overlord x3  
  161  13:51  Ultralisk Cavern  
  160  14:13  Hydralisk x8  
  108  15:37  Hydralisk  
  108  15:38  Hydralisk x14  
  108  15:39  Hydralisk x10  
  108  15:40  Hydralisk  
  127  16:14  Viper  
  127  16:15  Roach  
  132  16:22  Zergling x2  
  132  16:23  Zergling x22  
  132  16:24  Zergling x18  
Show
View Real Time Build Order
Export as new Build Order

Fernando Protoss 

Build Orders:  

Get SALT Encoding   

  12  0:03  Probe (Chrono Boost)  
  14  0:14  Probe (Chrono Boost)  
  14  0:26  Pylon  
  14  0:27  Probe (Chrono Boost)  
  15  0:44  Probe (Chrono Boost)  
  16  0:50  Gateway  
  16  0:59  Probe (Chrono Boost)  
  17  1:07  Pylon  
  17  1:09  Probe (Chrono Boost)  
  18  1:15  Assimilator  
  18  1:20  Probe (Chrono Boost)  
  19  1:30  Probe (Chrono Boost)  
  19  1:32  Assimilator  
  20  1:41  Probe (Chrono Boost)  
  21  1:52  Probe (Chrono Boost)  
  22  2:02  Probe (Chrono Boost)  
  23  2:20  Cybernetics Core  
  23  2:23  Pylon  
  23  2:25  Probe (Chrono Boost)  
  24  2:36  Probe (Chrono Boost)  
  25  2:54  Zealot  
  28  2:59  Mothership Core (Chrono Boost)  
  23  3:22  Adept  
  23  3:31  Probe (Chrono Boost)  
  24  3:36  Warp Gate (Chrono Boost)  
  24  3:42  Probe (Chrono Boost)  
  24  3:43  Gateway  
  24  3:46  Gateway  
  25  3:48  Forge  
  25  3:49  Stalker  
  25  3:52  Probe (Chrono Boost)  
  29  4:03  Probe (Chrono Boost)  
  29  4:13  Probe (Chrono Boost)  
  27  5:01  Adept x3  
  27  5:05  Nexus  
  33  5:16  Probe  
  33  5:18  Protoss Ground Weapons Level 1 (Chrono Boost)  
  34  5:28  Probe  
  35  5:40  Twilight Council  
  35  5:44  Pylon  
  35  5:46  Adept x2  
  39  6:05  Adept  
  39  6:31  Pylon  
  39  6:35  Pylon  
  39  6:39  Stalker x3  
  35  7:05  Stalker x3  
  35  7:06  Probe  
  42  7:12  Blink (Chrono Boost)  
  42  7:13  Protoss Ground Armor Level 1 (Chrono Boost)  
  42  7:17  Probe  
  43  7:23  Photon Cannon  
  43  7:27  Probe  
  44  7:38  Probe  
  44  7:40  Stalker x3  
  51  7:48  Probe  
  52  7:59  Probe  
  52  8:04  Robotics Facility  
  53  8:09  Probe  
  54  8:16  Stargate  
  54  8:17  Probe  
  55  8:20  Probe  
  56  8:29  Probe  
  56  8:30  Assimilator x2  
  56  8:31  Probe  
  58  8:40  Stalker  
  58  8:41  Probe  
  61  8:43  Stalker, Probe  
  64  8:55  Probe  
  65  9:07  Probe  
  65  9:09  Stalker x3  
  72  9:14  Void Ray  
  76  9:35  Stalker  
  74  10:00  Void Ray  
  78  10:11  Pylon  
  78  10:15  Pylon  
  78  10:29  Immortal  
  78  10:35  Gateway  
  82  10:36  Gateway  
  82  10:42  Stalker x3  
  88  10:45  Nexus  
  88  11:09  Observer  
  89  11:21  Void Ray  
  93  11:41  Pylon  
  93  11:44  Pylon  
  93  11:46  Pylon  
  93  11:54  Pylon  
  93  11:59  Resonating Glaives (Chrono Boost)  
  91  12:03  Adept x3  
  91  12:04  Adept  
  99  12:15  Adept  
  101  12:17  Protoss Ground Weapons Level 2  
  101  12:24  Void Ray (Chrono Boost)  
  101  12:26  Probe  
  106  12:35  Probe  
  106  12:36  Probe  
  108  12:47  Probe x2  
  108  12:50  Gateway x2  
  110  12:53  Photon Cannon  
  110  12:57  Probe  
  110  12:59  Probe  
  112  13:08  Probe  
  112  13:11  Probe  
  112  13:12  Pylon  
  114  13:13  Pylon  
  114  13:17  Stalker x3  
  114  13:19  Assimilator  
  120  13:23  Assimilator, Probe  
  121  13:31  Robotics Bay  
  121  13:32  Protoss Air Weapons Level 1  
  121  14:08  Adept x3  
  121  14:09  Adept x3  
  133  14:30  Probe  
  133  14:33  Protoss Shields Level 1  
  122  14:40  Probe  
  115  14:46  Adept x3  
  115  14:47  Adept x4  
  115  14:50  Disruptor  
  104  15:24  Adept x7  
  54  15:46  Stalker x2  
  54  15:47  Stalker  
  54  15:48  Adept x4  
  68  15:50  Colossus  
  47  16:13  Adept x3  
  47  16:14  Adept  
  47  16:15  Stalker x3  
  43  16:46  Stalker  
  46  16:48  Adept x3  
  23  17:17  Adept x3  
Tags
 
Add a new tag
Caveats
  • Supply blocks, unpowered buildings, or Contaminate may cause inaccurate times.
  • Supply counts are checked every 10 seconds.